 Dungeon Crawl Stone Soup version 0.27-a0-1202-ge72e49191c (webtiles) character file.

Game seed: 17671618831203707778

51 Ancestrald the Grave Robber (level 3, -1/26 HPs)
             Began as a Ghoul Necromancer on June 2, 2021.
             Was a Follower of Nemelex Xobeh.
             Slain by a gnoll
             ... wielding a +0 spear
              (3 damage)
             ... on level 2 of the Dungeon.
             The game lasted 00:15:39 (1281 turns).

Ancestrald the Grave Robber (Ghoul Necromancer)     Turns: 1281, Time: 00:15:40

Health: -1/26      AC:  6    Str: 11    XL:     3   Next: 81%
Magic:  0/4        EV: 11    Int: 11    God:    Nemelex Xobeh [*.....]
Gold:   65         SH:  0    Dex:  9    Spells: 4/5 levels left

rFire    . . .     SeeInvis .   k - +0 hand axe
rCold    + . .     Faith    +   (no shield)
rNeg     + + +     Spirit   .   p - +0 leather armour
rPois    ∞         Reflect  .   (no helmet)
rElec    .         Harm     .   (no cloak)
rCorr    .         Rampage  .   g - +2 pair of gloves
Will     .....                  (no boots)
Stlth    ++........             q - amulet of faith
HPRegen  0.00/turn              s - ring of flight
MPRegen  0.09/turn              (no ring)

@: flying
A: claws 1, cold resistance 1, negative energy resistance 3, inhibited
regeneration, torment resistance 2
a: Renounce Religion, Draw Escape, Draw Destruction, Draw Summoning


You were on level 2 of the Dungeon.
You worshipped Nemelex Xobeh.
Nemelex Xobeh was aware of your devotion.
You visited 1 branch of the dungeon, and saw 2 of its levels.

You collected 65 gold pieces.

Inventory:

Hand Weapons
 b - a +0 short sword
 c - a +0 dagger
 d - a +0 club
 e - a +0 dagger
 j - a +0 dagger
 k - a +0 hand axe (weapon)
 l - a +0 club
 m - a +0 club
 n - a +0 spear
 r - a +0 dagger
 t - a +0 whip
 u - a +0 club
 v - a +0 hand crossbow
Missiles
 h - 15 stones
 i - 23 sling bullets
Armour
 a - a +0 robe
 g - a +2 pair of gloves (worn)
 p - a +0 leather armour (worn)
Magical Staves
 o - a staff of conjuration
Jewellery
 f - a ring of poison resistance
 q - an amulet of faith (around neck)
 s - a ring of flight (left hand)


   Skills:
 + Level 0.2 Short Blades
 + Level 0.8 Armour
 + Level 2.0 Dodging
 + Level 2.3 Stealth
 + Level 0.6 Unarmed Combat
 * Level 1.9 Spellcasting
 * Level 4.7 Necromancy


You had 4 spell levels left.
You knew the following spells:

 Your Spells              Type           Power      Damage    Failure   Level
a - Pain                  Necr           44%        1d6       5%          1

Your spell library contained the following spells:

 Spells                   Type           Power      Damage    Failure   Level
 Animate Skeleton         Necr           22%        N/A       5%          1
 Vampiric Draining        Necr           5%         2d6       16%         3
 Animate Dead             Necr           5%         N/A       47%         4
 Agony                    Necr           11%        N/A       83%         5


Dungeon Overview and Level Annotations

Branches:
Dungeon (2/15)

Altars:
Nemelex Xobeh


Innate Abilities, Weirdness & Mutations

You thrive by killing the living.
You are immune to poison.
You have sharp fingernails.
Your flesh is cold resistant. (rC+)
You are immune to negative energy. (rN+++)
You do not regenerate when monsters are visible.
You are immune to unholy pain and torment.


Message History

The gnoll hits you from afar with a +0 spear.
You hit the gnoll.
The gnoll is moderately wounded.
The gnoll completely misses you. The gnoll hits you but does no damage.
You closely miss the gnoll.
The gnoll is moderately wounded.
The gnoll closely misses you.
The gnoll hits you from afar with a +0 spear.
The gnoll completely misses you.
Casting: Pain (safe; 5% risk of failure)
Confirm with . or Enter, or press ? or * to list all spells.
Aiming: Pain (safe; 5% risk of failure)
Press: ? - help, Shift-Dir - straight line, f/p - gnoll
Aim: a gnoll, wielding a +0 spear (moderately wounded, chance to affect: 73%)
The gnoll writhes in agony.
The gnoll closely misses you. The gnoll misses you.
Casting: Pain (safe; 5% risk of failure)
Confirm with . or Enter, or press ? or * to list all spells.
Aiming: Pain (safe; 5% risk of failure)
Press: ? - help, Shift-Dir - straight line, f/p - gnoll
Aim: a gnoll, wielding a +0 spear (moderately wounded, chance to affect: 73%)
The gnoll writhes in agony.
The gnoll hits you from afar with a +0 spear.
* * * LOW HITPOINT WARNING * * *
The gnoll misses you.
k - a +0 hand axe (weapon)
The gnoll barely misses you.
Unknown command.
You hit the gnoll.
The gnoll is almost dead.
The gnoll barely misses you. The gnoll closely misses you.
You closely miss the gnoll.
The gnoll is almost dead.
The gnoll barely misses you. x2; The gnoll misses you.
The gnoll closely misses you.
You closely miss the gnoll.
The gnoll is almost dead.
The gnoll hits you but does no damage.
The gnoll hits you from afar with a +0 spear.
You die...
Your body disappears without a glow.

##......#.# ## #
+.......#.# .#.##
#.......#.######
.#...
#.......#......##...#
#.......##..........#
##......##..........#
#......##.....#....+
.
#......##...†#_#...#
.#
#...@..##<....#....+
..#####
####g####..........##
#.##....# #.g.#
#............
......#.#####.###
#...........#
#..).....#
#...........#
.......^#######
#...........#
#.####.##
###+#####.... .†.
#.... .### #....


You could see 2 gnolls.

Vanquished Creatures
  A gnoll (D:2)
  A dart slug (D:1)
  7 endoplasms (D:1)
  6 goblins (D:1)
  2 hobgoblins
  3 jackals (D:2)
  2 kobolds (D:1)
  2 quokkas
  2 ball pythons
  3 bats (D:1)
  2 frilled lizards (D:1)
  3 rats
34 creatures vanquished.

Notes
Turn   | Place    | Note
-------+----------+-------------------------------------------
     0 | D:1      | Ancestrald the Ghoul Necromancer began the quest for the
                  | Orb.
     0 | D:1      | Reached XP level 1. HP: 14/14 MP: 2/2
    38 | D:1      | Reached XP level 2. HP: 6/20 MP: 0/3
   710 | D:1      | Reached XP level 3. HP: 26/26 MP: 2/4
  1141 | D:2      | Found a faded altar of an unknown god.
  1161 | D:2      | Became a worshipper of Nemelex Xobeh the Trickster
  1161 | D:2      | Reached * piety under Nemelex Xobeh
  1161 | D:2      | Received a gift from Nemelex Xobeh
  1281 | D:2      | Slain by a gnoll

Illustrated notes

Levels and vault maps discovered:
D:1:      dpeg_arrival_arbitrary_b, layout_rooms
D:2:      layout_basic, chequers_ecumenical_altar_simple, grunt_decor_cap

Skill      XL: |  1  2  3 |
---------------+----------+-----
Dodging        | 2 |  2.0
Short Blades   | |  0.2
Armour         | |  0.8
Stealth        | |  2.3
Unarmed Combat | |  0.6
Spellcasting   | |  1.9
Necromancy     | |  4.7

Action                   || total
-------------------------++-------
Melee: Unarmed           ||    19
       Short sword       ||    25
       Staff             ||    28
       Hand axe          ||     3
 Cast: Pain              ||    32
  Use: Scroll            ||     1
Armor: Robe              ||    12
       Leather armour    ||    16
Dodge: Dodged            ||    86

Table legend: (Time is in decaauts)
 A = Elapsed time spent in this place.
 B = Non-inter-level travel time spent in this place.
 C = Inter-level travel time spent in this place.
 D = Time resting spent in this place.
 E = Time spent auto-exploring this place.
 F = Levels seen in this place.
 G = Mean time per level.
                   A        B        C        D        E       F      G
               +--------+--------+--------+--------+--------+-----+--------+
         Total |   1287 |   1287 |      0 |    423 |    239 |   2 |  643.5 |
       Dungeon |   1287 |   1287 |      0 |    423 |    239 |   2 |  643.5 |
               +--------+--------+--------+--------+--------+-----+--------+

Top non-repeatable levels by time:
     D:1: 1102 daAuts
     D:2: 184 daAuts
